| TOP OF THE 1ST |
|
Bluefield Blue Jays batting - Pitching for Elizabethton Twins : RHP Andrew Rich
|
|
Pitching: RHP Andrew Rich
|
|
|
Batting: RHB Tokuji Kawabata
|
0-0: DOUBLE (Line Drive, 89D, EV 105.0 MPH)
|
|
Batting: RHB Wade Diamond
|
0-0: Ball 1-0: Ball 2-0: Foul Ball, location: 2F 2-1: Ground out 4-3 (Groundball, 4M, EV 86.9 MPH) Tokuji Kawabata to third
|
|
Batting: LHB Cesar Arteaga
|
0-0: Ball 1-0: Swinging Strike 1-1: Ball 2-1: Swinging Strike 2-2: Ball 3-2: Strikes out swinging
|
|
Batting: SHB Jack Andrews
|
0-0: SINGLE (Groundball, 25, EV 70.0 MPH) (infield hit) Tokuji Kawabata scores
|
|
Batting: RHB John Hering
|
0-0: Ball Jack Andrews is caught stealing 2nd base 2-4
|
| Top of the 1st over - 1 run, 2 hits, 0 errors, 0 left on base; Bluefield 1 - Elizabethton 0 |
| BOTTOM OF THE 1ST |
|
Elizabethton Twins batting - Pitching for Bluefield Blue Jays : LHP Eddie Muniz
|
|
Pitching: LHP Eddie Muniz
|
|
|
Batting: RHB Andrew Nicol
|
0-0: Ground out U3 (Groundball, 3, EV 108.8 MPH)
|
|
Batting: LHB David Campbell
|
0-0: Ball 1-0: Ball 2-0: Foul Ball, location: 2F 2-1: SINGLE (Line Drive, 8LS, EV 102.5 MPH)
|
|
Batting: RHB Jose Gracia
|
0-0: Ball 1-0: Called Strike 1-1: Ball 2-1: Foul Ball, location: 2F 2-2: Foul Ball, location: 2F 2-2: 2-RUN HOME RUN (Flyball, 7LD, EV 93.1 MPH), Distance : 349 ft
|
|
Batting: SHB Dan Morataya
|
0-0: Foul Ball, location: 2F 0-1: Ball 1-1: Foul Ball, location: 2F 1-2: Ball 2-2: Foul Ball, location: 2F 2-2: Ball 3-2: Fly out, F9 (Line Drive, 9, EV 99.4 MPH)
|
|
Batting: RHB Nick Phipps
|
0-0: Swinging Strike 0-1: Called Strike 0-2: Foul Ball, location: 2F 0-2: Ball 1-2: Strikes out swinging
|
| Bottom of the 1st over - 2 runs, 2 hits, 0 errors, 0 left on base; Bluefield 1 - Elizabethton 2 |
| TOP OF THE 2ND |
|
Bluefield Blue Jays batting - Pitching for Elizabethton Twins : RHP Andrew Rich
|
|
Batting: RHB John Hering
|
0-0: Ball 1-0: Ball 2-0: Ball 3-0: Base on Balls
|
|
Batting: RHB Mike Johnson
|
0-0: Ball 1-0: Ball John Hering steals 2nd base 2-0: Called Strike 2-1: Foul Ball, location: 2F 2-2: Foul Ball, location: 2F 2-2: SINGLE (Groundball, 6D, EV 106.9 MPH) John Hering to third Runner from 3rd tries for Home, SAFE, throw by LF to home
|
|
Pitching: RHP Bud Puffer
|
|
|
Batting: LHB Frank Nelson
|
0-0: Called Strike 0-1: Ball 1-1: Foul Ball, location: 2F 1-2: Strikes out swinging
|
|
Batting: RHB Chris Martin
|
0-0: Called Strike 0-1: Ball 1-1: Ball 2-1: Called Strike 2-2: Ball 3-2: Base on Balls Mike Johnson to second
|
|
Batting: RHB Ed Swafford
|
0-0: Ball Wild Pitch! Mike Johnson to third Chris Martin to second 1-0: Ball 2-0: Ball 3-0: Called Strike 3-1: Foul Ball, location: 2F 3-2: Base on Balls
|
|
Batting: RHB Tokuji Kawabata
|
0-0: Foul Ball, location: 2F 0-1: Ball 1-1: Ball 2-1: Swinging Strike 2-2: Foul Ball, location: 2F 2-2: Ball 3-2: Base on Balls Mike Johnson scores Chris Martin to third Ed Swafford to second
|
|
Pitching: RHP Jon Hice
|
|
|
Batting: RHB Wade Diamond
|
0-0: Ball 1-0: Ball 2-0: Ball 3-0: Base on Balls Chris Martin scores Ed Swafford to third Tokuji Kawabata to second
|
|
Batting: LHB Cesar Arteaga
|
0-0: Ball 1-0: Ball 2-0: Foul Ball, location: 2F 2-1: Ball 3-1: Called Strike 3-2: Fielders Choice at 2nd, 4-6 (Groundball, 34, EV 82.5 MPH) Ed Swafford scores Tokuji Kawabata to third
|
|
Batting: SHB Jack Andrews
|
0-0: Called Strike 0-1: Ball Wild Pitch! Tokuji Kawabata scores Cesar Arteaga to second 1-1: Hit by Pitch
|
|
Batting: RHB John Hering
|
0-0: Foul Ball, location: 2F 0-1: Swinging Strike 0-2: Ball 1-2: Ball 2-2: Ball 3-2: Base on Balls Cesar Arteaga to third Jack Andrews to second
|
|
Batting: RHB Mike Johnson
|
0-0: Called Strike 0-1: Foul Ball, location: 2F 0-2: Foul Ball, location: 2F 0-2: Foul Ball, location: 2F 0-2: Foul Ball, location: 2F 0-2: Fielders Choice at 2nd, 5-4 (Groundball, 56, EV 103.1 MPH)
|
| Top of the 2nd over - 5 runs, 1 hit, 0 errors, 3 left on base; Bluefield 6 - Elizabethton 2 |
| BOTTOM OF THE 2ND |
|
Elizabethton Twins batting - Pitching for Bluefield Blue Jays : LHP Eddie Muniz
|
|
Batting: RHB Jimmy Mayville
|
0-0: Ball 1-0: Foul Ball, location: 2F 1-1: Swinging Strike 1-2: Ball 2-2: Ball 3-2: Foul Ball, location: 2F 3-2: Base on Balls
|
|
Batting: RHB Alex Belton
|
0-0: Grounds into double play, 4-6-3 (Groundball, 4, EV 103.1 MPH)
|
|
Batting: LHB Jose Cotto
|
0-0: Ball 1-0: Swinging Strike 1-1: Ground out 4-3 (Groundball, 4, EV 101.9 MPH)
|
| Bottom of the 2nd over - 0 runs, 0 hits, 0 errors, 0 left on base; Bluefield 6 - Elizabethton 2 |
| TOP OF THE 3RD |
|
Bluefield Blue Jays batting - Pitching for Elizabethton Twins : RHP Jon Hice
|
|
Batting: LHB Frank Nelson
|
0-0: Called Strike 0-1: Ball 1-1: Foul Ball, location: 2F 1-2: SOLO HOME RUN (Flyball, 78XD, EV 99.4 MPH), Distance : 387 ft
|
|
Batting: RHB Chris Martin
|
0-0: Ball 1-0: Called Strike 1-1: Ball 2-1: Ball 3-1: Base on Balls
|
|
Batting: RHB Ed Swafford
|
0-0: Called Strike 0-1: Fielders Choice at 2nd, 6-4 (Groundball, 6, EV 83.8 MPH)
|
|
Batting: RHB Tokuji Kawabata
|
0-0: Ball 1-0: Ball 2-0: Called Strike 2-1: Ball 3-1: Fly out, F8 (Flyball, 8LM, EV 82.5 MPH)
|
|
Batting: RHB Wade Diamond
|
0-0: Called Strike 0-1: Ball 1-1: Ball Ed Swafford steals 2nd base 2-1: Swinging Strike 2-2: DOUBLE (Flyball, 8RXD, EV 108.8 MPH) Ed Swafford scores
|
|
Batting: LHB Cesar Arteaga
|
0-0: Called Strike 0-1: Ball 1-1: Ball 2-1: Called Strike 2-2: Ball 3-2: DOUBLE (Line Drive, 9LM, EV 98.8 MPH) Wade Diamond scores
|
|
Pinch Runner at 2nd Braydon Pinsent:
|
|
|
Batting: SHB Jack Andrews
|
0-0: Called Strike 0-1: Ball 1-1: Foul Ball, location: 2F 1-2: Ball 2-2: Ball 3-2: Base on Balls
|
|
Batting: RHB John Hering
|
0-0: Ball 1-0: Called Strike 1-1: Foul Ball, location: 2F 1-2: Foul Ball, location: 2F 1-2: Fielders Choice at 2nd, 6-4 (Groundball, 56, EV 88.8 MPH)
|
| Top of the 3rd over - 3 runs, 3 hits, 0 errors, 2 left on base; Bluefield 9 - Elizabethton 2 |
| BOTTOM OF THE 3RD |
|
Elizabethton Twins batting - Pitching for Bluefield Blue Jays : LHP Eddie Muniz
|
|
Now at 1B: Braydon Pinsent
|
|
|
Batting: SHB Nate Januchowski
|
0-0: Ball 1-0: Called Strike 1-1: Foul Ball, location: 2F 1-2: SINGLE (Groundball, 6D, EV 109.4 MPH)
|
|
Batting: RHB Andrew Nicol
|
0-0: Ball 1-0: Ball 2-0: Ball 3-0: Called Strike 3-1: Foul Ball, location: 2F 3-2: SINGLE (Line Drive, 9LS, EV 101.3 MPH) Nate Januchowski to second
|
|
Batting: LHB David Campbell
|
0-0: Foul Ball, location: 2F 0-1: Called Strike 0-2: Strikes out swinging
|
|
Batting: RHB Jose Gracia
|
0-0: Ball 1-0: Grounds into double play, 6-4-3 (Groundball, 6, EV 109.4 MPH)
|
| Bottom of the 3rd over - 0 runs, 2 hits, 0 errors, 1 left on base; Bluefield 9 - Elizabethton 2 |
| TOP OF THE 4TH |
|
Bluefield Blue Jays batting - Pitching for Elizabethton Twins : RHP Jon Hice
|
|
Pitching: RHP Jorge Corte
|
|
|
Batting: RHB Mike Johnson
|
0-0: Ball 1-0: Ground out 4-3 (Groundball, 4M, EV 106.3 MPH)
|
|
Batting: LHB Frank Nelson
|
0-0: Foul Ball, location: 2F 0-1: Ground out 3-1 (Groundball, 34, EV 100.0 MPH)
|
|
Batting: RHB Chris Martin
|
0-0: Called Strike 0-1: Ball 1-1: Ball 2-1: Ball 3-1: Foul Ball, location: 2F 3-2: Base on Balls
|
|
Batting: RHB Ed Swafford
|
0-0: Ball Chris Martin steals 2nd base 1-0: Foul Ball, location: 2F 1-1: Ball 2-1: Fly out, F3 (Line Drive, 3, EV 69.4 MPH)
|
| Top of the 4th over - 0 runs, 0 hits, 0 errors, 1 left on base; Bluefield 9 - Elizabethton 2 |
| BOTTOM OF THE 4TH |
|
Elizabethton Twins batting - Pitching for Bluefield Blue Jays : LHP Eddie Muniz
|
|
Batting: SHB Dan Morataya
|
0-0: Foul Ball, location: 2F 0-1: Ball 1-1: Ball 2-1: Ball 3-1: Swinging Strike 3-2: Foul Ball, location: 2F 3-2: Base on Balls
|
|
Batting: RHB Nick Phipps
|
0-0: Ball 1-0: Ball 2-0: Foul Ball, location: 2F 2-1: Called Strike 2-2: SINGLE (Line Drive, 89S, EV 86.3 MPH) Dan Morataya to second
|
|
Batting: RHB Jimmy Mayville
|
0-0: Ball 1-0: SINGLE (Groundball, 6MD, EV 103.8 MPH) Dan Morataya to third Nick Phipps to second
|
|
Batting: RHB Alex Belton
|
0-0: Fly out, F5 (Flyball, 56D, EV 86.9 MPH)
|
|
Batting: LHB Jose Cotto
|
0-0: Ball 1-0: Ball 2-0: Called Strike 2-1: Ball 3-1: Fielders Choice at 2nd, 4-6 (Groundball, 4M, EV 106.3 MPH) Dan Morataya scores Nick Phipps to third
|
|
Batting: SHB Nate Januchowski
|
0-0: Ground out 4-3 (Groundball, 4, EV 98.8 MPH)
|
| Bottom of the 4th over - 1 run, 2 hits, 0 errors, 2 left on base; Bluefield 9 - Elizabethton 3 |
| TOP OF THE 5TH |
|
Bluefield Blue Jays batting - Pitching for Elizabethton Twins : RHP Jorge Corte
|
|
Batting: RHB Tokuji Kawabata
|
0-0: Foul Ball, location: 2F 0-1: Called Strike 0-2: Strikes out swinging, 2-3 out at first.
|
|
Batting: RHB Wade Diamond
|
0-0: Called Strike 0-1: SINGLE (Groundball, 3D, EV 98.8 MPH)
|
|
Batting: RHB Braydon Pinsent
|
0-0: Ball Wild Pitch! Wade Diamond to second 1-0: Reached on error, E8 (Flyball, 89M, EV 90.6 MPH) Wade Diamond to third
|
|
Batting: SHB Jack Andrews
|
0-0: Ball Braydon Pinsent steals 2nd base (no throw) 1-0: 3-RUN HOME RUN (Flyball, 89XD, EV 105.0 MPH), Distance : 397 ft
|
|
Batting: RHB John Hering
|
0-0: Called Strike 0-1: Fly out, F8 (Flyball, 89M, EV 90.0 MPH)
|
|
Batting: RHB Mike Johnson
|
0-0: Called Strike 0-1: Ball 1-1: Ball 2-1: Called Strike 2-2: DOUBLE (Line Drive, 9LS, EV 91.9 MPH)
|
|
Batting: LHB Frank Nelson
|
0-0: Foul Ball, location: 2F 0-1: Foul Ball, location: 2F 0-2: Ball 1-2: Ground out 1-3 (Groundball, P, EV 74.4 MPH)
|
| Top of the 5th over - 3 runs, 3 hits, 1 error, 1 left on base; Bluefield 12 - Elizabethton 3 |
| BOTTOM OF THE 5TH |
|
Elizabethton Twins batting - Pitching for Bluefield Blue Jays : LHP Eddie Muniz
|
|
Batting: RHB Andrew Nicol
|
0-0: Called Strike 0-1: Foul Ball, location: 2F 0-2: Foul Ball, location: 2F 0-2: Ground out 5-3 (Groundball, 5L, EV 100.0 MPH)
|
|
Batting: LHB David Campbell
|
0-0: Ball 1-0: Ground out 5-3 (Groundball, 56, EV 82.5 MPH)
|
|
Batting: RHB Jose Gracia
|
0-0: Ball 1-0: Ball 2-0: Ball 3-0: Base on Balls
|
|
Batting: SHB Dan Morataya
|
0-0: Ball 1-0: Called Strike 1-1: Ball 2-1: Ball 3-1: Called Strike 3-2: DOUBLE (Line Drive, 3D, EV 97.5 MPH) Jose Gracia to third Jose Gracia scores
|
|
Batting: RHB Nick Phipps
|
0-0: Ball 1-0: Swinging Strike 1-1: Ball 2-1: Ball 3-1: Swinging Strike 3-2: Base on Balls
|
|
Batting: RHB Jimmy Mayville
|
0-0: Ball 1-0: Foul Ball, location: 2F 1-1: Swinging Strike 1-2: Strikes out swinging
|
| Bottom of the 5th over - 1 run, 1 hit, 0 errors, 2 left on base; Bluefield 12 - Elizabethton 4 |
| TOP OF THE 6TH |
|
Bluefield Blue Jays batting - Pitching for Elizabethton Twins : RHP Jorge Corte
|
|
Batting: RHB Chris Martin
|
0-0: Ball 1-0: Ball 2-0: Ball 3-0: Called Strike 3-1: Base on Balls
|
|
Batting: RHB Ed Swafford
|
0-0: Ball 1-0: DOUBLE (Flyball, 78D, EV 99.4 MPH) Chris Martin to third
|
|
Batting: RHB Tokuji Kawabata
|
0-0: Called Strike 0-1: Ball Wild Pitch! Chris Martin scores Ed Swafford to third 1-1: Called Strike 1-2: Ball Wild Pitch! Ed Swafford scores 2-2: Foul Ball, location: 2F 2-2: Ball 3-2: Foul Ball, location: 2F 3-2: Fly out, F8 (Flyball, 8RXD, EV 95.6 MPH)
|
|
Pitching: RHP Ewan Wijker
|
|
|
Batting: RHB Wade Diamond
|
0-0: Ground out 5-3 (Groundball, 56S, EV 89.4 MPH)
|
|
Batting: RHB Braydon Pinsent
|
0-0: Ball 1-0: Called Strike 1-1: Swinging Strike 1-2: Ground out 6-3 (Groundball, 6, EV 82.5 MPH)
|
| Top of the 6th over - 2 runs, 1 hit, 0 errors, 0 left on base; Bluefield 14 - Elizabethton 4 |
| BOTTOM OF THE 6TH |
|
Elizabethton Twins batting - Pitching for Bluefield Blue Jays : LHP Eddie Muniz
|
|
Batting: RHB Alex Belton
|
0-0: Called Strike 0-1: Ground out 6-3 (Groundball, 6, EV 98.1 MPH)
|
|
Batting: LHB Jose Cotto
|
0-0: Called Strike 0-1: Ball 1-1: Foul Ball, location: 2F 1-2: Ground out U3 (Groundball, 34, EV 83.8 MPH)
|
|
Batting: SHB Nate Januchowski
|
0-0: Ball 1-0: Ball 2-0: Ball 3-0: Base on Balls
|
|
Pitching: RHP Bobby Leija
|
|
|
Batting: RHB Andrew Nicol
|
0-0: Fly out, F9 (Flyball, 9LS, EV 90.0 MPH)
|
| Bottom of the 6th over - 0 runs, 0 hits, 0 errors, 1 left on base; Bluefield 14 - Elizabethton 4 |
| TOP OF THE 7TH |
|
Bluefield Blue Jays batting - Pitching for Elizabethton Twins : RHP Ewan Wijker
|
|
Batting: SHB Jack Andrews
|
0-0: Swinging Strike 0-1: Ball 1-1: Foul Ball, location: 2F 1-2: Ground out 4-3 (Groundball, 4S, EV 90.6 MPH)
|
|
Batting: RHB John Hering
|
0-0: Ball 1-0: Ball 2-0: Ball 3-0: Called Strike 3-1: Base on Balls
|
|
Batting: RHB Mike Johnson
|
0-0: Called Strike 0-1: Ball 1-1: Fly out, F9 (Flyball, 89S, EV 94.4 MPH)
|
|
Batting: LHB Frank Nelson
|
0-0: Foul Ball, location: 2F 0-1: Ball 1-1: Foul Ball, location: 2F 1-2: Ball 2-2: Foul Ball, location: 2F 2-2: SINGLE (Line Drive, 7S, EV 100.6 MPH) John Hering to second
|
|
Batting: RHB Chris Martin
|
0-0: Foul Ball, location: 2F 0-1: Called Strike 0-2: Fly out, F4 (Popup, 4, EV 73.8 MPH)
|
| Top of the 7th over - 0 runs, 1 hit, 0 errors, 2 left on base; Bluefield 14 - Elizabethton 4 |
| BOTTOM OF THE 7TH |
|
Elizabethton Twins batting - Pitching for Bluefield Blue Jays : RHP Bobby Leija
|
|
Batting: LHB David Campbell
|
0-0: Ball 1-0: Ball 2-0: Called Strike 2-1: Swinging Strike 2-2: Ground out 4-3 (Groundball, 4M, EV 95.6 MPH)
|
|
Batting: RHB Jose Gracia
|
0-0: Called Strike 0-1: Ball 1-1: Ball 2-1: Foul Ball, location: 2F 2-2: Foul Ball, location: 2F 2-2: Foul Ball, location: 2F 2-2: Foul Ball, location: 2F 2-2: Ball 3-2: Base on Balls
|
|
Batting: SHB Dan Morataya
|
0-0: Ball 1-0: Ball 2-0: Foul Ball, location: 2F 2-1: Ball 3-1: Foul Ball, location: 2F 3-2: Foul Ball, location: 2F 3-2: SINGLE (Groundball, 6MD, EV 115.0 MPH) Jose Gracia to second
|
|
Batting: RHB Nick Phipps
|
0-0: Ball Jose Gracia steals 3rd base 1-0: Called Strike Dan Morataya steals 2nd base (no throw) 1-1: Swinging Strike 1-2: Ball 2-2: Strikes out swinging
|
|
Batting: RHB Jimmy Mayville
|
0-0: Called Strike 0-1: Ball 1-1: DOUBLE (Line Drive, 7LM, EV 104.4 MPH) Jose Gracia scores Dan Morataya scores
|
|
Batting: RHB Alex Belton
|
0-0: Ball 1-0: Foul Ball, location: 2F 1-1: Ball 2-1: Fly out, F6 (Line Drive, 6, EV 70.6 MPH)
|
| Bottom of the 7th over - 2 runs, 2 hits, 0 errors, 1 left on base; Bluefield 14 - Elizabethton 6 |
| TOP OF THE 8TH |
|
Bluefield Blue Jays batting - Pitching for Elizabethton Twins : RHP Ewan Wijker
|
|
Batting: RHB Ed Swafford
|
0-0: Ball 1-0: Swinging Strike 1-1: SINGLE (Line Drive, 78S, EV 97.5 MPH)
|
|
Batting: RHB Tokuji Kawabata
|
0-0: Ball Wild Pitch! Ed Swafford to second 1-0: Ball 2-0: Ball 3-0: Called Strike 3-1: Foul Ball, location: 2F 3-2: 2-RUN HOME RUN (Flyball, 78XD, EV 113.1 MPH), Distance : 427 ft
|
|
Batting: RHB Wade Diamond
|
0-0: Foul Ball, location: 2F 0-1: Ball 1-1: Ball 2-1: Ball 3-1: Base on Balls
|
|
Batting: RHB Braydon Pinsent
|
0-0: Foul Ball, location: 2F 0-1: Ball 1-1: Swinging Strike 1-2: Ball 2-2: Ball 3-2: Foul Ball, location: 2F 3-2: Reached on error, E4 (Groundball, 4, EV 95.0 MPH) Wade Diamond to second
|
|
Pitching: RHP John Giffin
|
|
|
Batting: SHB Jack Andrews
|
Balk! Wade Diamond to third Braydon Pinsent to second 0-0: Ball 1-0: Called Strike 1-1: Ground out 4-3 (Groundball, 34, EV 97.5 MPH) Wade Diamond scores Braydon Pinsent to third
|
|
Batting: RHB John Hering
|
0-0: Called Strike 0-1: Ball 1-1: Foul Ball, location: 2F 1-2: Ball Wild Pitch! Braydon Pinsent scores 2-2: Fly out, F9 (Flyball, 89D, EV 95.6 MPH)
|
|
Batting: RHB Mike Johnson
|
0-0: Ground out 4-3 (Groundball, 4, EV 90.0 MPH)
|
| Top of the 8th over - 4 runs, 2 hits, 1 error, 0 left on base; Bluefield 18 - Elizabethton 6 |
| BOTTOM OF THE 8TH |
|
Elizabethton Twins batting - Pitching for Bluefield Blue Jays : RHP Bobby Leija
|
|
Batting: LHB Jose Cotto
|
0-0: Foul Ball, location: 2F 0-1: Called Strike 0-2: Fly out, F7 (Flyball, 78D, EV 95.0 MPH)
|
|
Batting: SHB Nate Januchowski
|
0-0: Ball 1-0: Called Strike 1-1: Ball 2-1: Called Strike 2-2: Ball 3-2: Base on Balls
|
|
Pitching: LHP Bruce Knight
|
|
|
Batting: RHB Andrew Nicol
|
0-0: Ball 1-0: Called Strike 1-1: Foul Ball, location: 2F 1-2: Ball Wild Pitch! Nate Januchowski to second 2-2: Strikes out looking
|
|
Batting: LHB David Campbell
|
0-0: Ball 1-0: Called Strike 1-1: Ball 2-1: Foul Ball, location: 2F 2-2: Ground out 1-3 (Groundball, P, EV 71.9 MPH)
|
| Bottom of the 8th over - 0 runs, 0 hits, 0 errors, 1 left on base; Bluefield 18 - Elizabethton 6 |
| TOP OF THE 9TH |
|
Bluefield Blue Jays batting - Pitching for Elizabethton Twins : RHP John Giffin
|
|
Batting: LHB Frank Nelson
|
0-0: Called Strike 0-1: Foul Ball, location: 2F 0-2: Ball 1-2: Ball 2-2: Ball 3-2: Base on Balls
|
|
Batting: RHB Chris Martin
|
0-0: Called Strike 0-1: Ball 1-1: Ball 2-1: SINGLE (Flyball, 56D, EV 94.4 MPH) Frank Nelson to second
|
|
Batting: RHB Ed Swafford
|
0-0: Ball Wild Pitch! Frank Nelson to third Chris Martin to second 1-0: Ball 2-0: Called Strike 2-1: Ball 3-1: Base on Balls
|
|
Batting: RHB Tokuji Kawabata
|
0-0: Ball 1-0: Ball 2-0: Ball 3-0: Base on Balls Frank Nelson scores Chris Martin to third Ed Swafford to second
|
|
Batting: RHB Wade Diamond
|
0-0: Foul Ball, location: 2F 0-1: Ball 1-1: Foul Ball, location: 2F 1-2: Foul Ball, location: 2F 1-2: Ball 2-2: Ball 3-2: Foul Ball, location: 2F 3-2: Fly out, F8 (Flyball, 8RS, EV 92.5 MPH)
|
|
Batting: RHB Braydon Pinsent
|
0-0: Ball 1-0: Ball 2-0: Foul Ball, location: 2F 2-1: GRAND SLAM HOME RUN (Line Drive, 78XD, EV 105.0 MPH), Distance : 405 ft
|
|
Pitching: RHP Noah Davies
|
|
|
Batting: SHB Jack Andrews
|
0-0: Foul Ball, location: 2F 0-1: Ball 1-1: Ball 2-1: Ball 3-1: Called Strike 3-2: SOLO HOME RUN (Flyball, 89XD, EV 97.5 MPH), Distance : 398 ft
|
|
Batting: RHB John Hering
|
0-0: Foul Ball, location: 2F 0-1: Called Strike 0-2: Fly out, F8 (Flyball, 89XD, EV 87.5 MPH)
|
|
Batting: RHB Mike Johnson
|
0-0: Swinging Strike 0-1: Ball 1-1: Ball 2-1: SINGLE (Flyball, 7S, EV 85.0 MPH)
|
|
Batting: LHB Frank Nelson
|
0-0: Ball Wild Pitch! Mike Johnson to second 1-0: Called Strike 1-1: Ball Wild Pitch! Mike Johnson to third 2-1: Ball 3-1: Fly out, F5 (Popup, 56S, EV 68.8 MPH)
|
| Top of the 9th over - 6 runs, 4 hits, 0 errors, 1 left on base; Bluefield 24 - Elizabethton 6 |
| BOTTOM OF THE 9TH |
|
Elizabethton Twins batting - Pitching for Bluefield Blue Jays : LHP Bruce Knight
|
|
Batting: RHB Jose Gracia
|
0-0: Called Strike 0-1: Foul Ball, location: 2F 0-2: Ground out U3 (Groundball, 34S, EV 77.5 MPH)
|
|
Batting: SHB Dan Morataya
|
0-0: Called Strike 0-1: Ball 1-1: Swinging Strike 1-2: Ball 2-2: Fly out, F8 (Flyball, 8LD, EV 94.4 MPH)
|
|
Batting: RHB Nick Phipps
|
0-0: Ball 1-0: Foul Ball, location: 2F 1-1: Swinging Strike 1-2: Ball 2-2: Strikes out looking
|
| Bottom of the 9th over - 0 runs, 0 hits, 0 errors, 0 left on base; Bluefield 24 - Elizabethton 6 |
|